 Dungeon Crawl Stone Soup version 0.32-a0-859-gb0a091d592 (webtiles) character file.

Game seed: 7948470625192708722

212 zenocrate the Sneak (level 5, -11/35 HPs)
             Began as an Octopode Earth Elementalist on Mar 28, 2024.
             Killed by divine providence
             ... invoked by an orc priest
              (13 damage)
             ... on level 3 of the Dungeon.
             The game lasted 00:02:41 (1868 turns).

zenocrate the Sneak (Octopode Earth Elementalist)   Turns: 1868, Time: 00:02:41

Health: -11/35     AC:  1    Str: 14    XL:     5   Next: 90%
Magic:  8/8        EV: 13    Int: 17    God:
Gold:   147        SH:  0    Dex: 14    Spells: 1/8 levels left

rFire   . .          .
                       - Unarmed
rCold   . . .        (no shield)
rNeg    . . .        (helmet currently unavailable)
rPois   .            (no amulet)
rElec   .            j - +6 ring of strength
rCorr   .            (no ring)
SInv    .            (no ring)
Will    .....        (no ring)
Stlth   ++++         (no ring)
HPRegen 0.25/turn    (no ring)
MPRegen 0.11/turn    (no ring)
                     (no ring)

%: no passive effects
@: beast-form
A: beast (slay +0), almost no armour, amphibious, 8 rings, camouflage 1,
gelatinous body 1, (nimble swimmer 1), tentacles
a: Begin Untransformation, Convert to Beogh


You were on level 3 of the Dungeon.
You were a hulking beast.
You visited 1 branch of the dungeon, and saw 3 of its levels.

You collected 147 gold pieces.

Inventory:

Jewellery
 j - a +6 ring of strength (left tentacle)
Talismans
 i - a beast talisman (active)
Wands
 h - a wand of flame (4)
Scrolls
 b - a scroll of blinking {unknown}
 d - a scroll of teleportation {unknown}
 e - a scroll of noise {unknown}
 f - a scroll of identify {unknown}
Potions
 a - 2 potions of magic
 c - a potion of enlightenment


   Skills:
 - Level 2.7 Fighting
 + Level 3.2 Dodging
 - Level 4.2 Stealth
 + Level 2.3 Unarmed Combat
 - Level 2.0 Spellcasting
 - Level 1.0 Conjurations
 - Level 3.0 Earth Magic
 + Level 1.0 Shapeshifting


You had one spell level left.
You knew the following spells:

 Your Spells              Type           Power      Damage    Failure   Level
a - Sandblast             Erth           22%        2d7       5%          1
b - Stone Arrow           Conj/Erth      16%        3d8       26%         3
z - Passwall              Erth           11%        N/A       17%         3

Your spell library contained the following spells:

 Spells                   Type           Power      Damage    Failure   Level
 Brom's Barrelling Bould  Conj/Erth      8%         2d3       63%         4
 Petrify                  Alch/Erth      6%         N/A       71%         4


Dungeon Overview and Level Annotations

Branches:
Dungeon (3/15)

Altars:

Annotations:
D:2 digging for stuff


Innate Abilities, Weirdness & Mutations

You are a hulking beast.
Your limbs bulge with bestial killing power. (Slay +0)
You cannot wear most types of armour.
You are amphibious.
You can wear up to eight rings at the same time.
Your skin changes colour to match your surroundings (Stealth+).
Your rubbery body absorbs attacks. (AC +1, EV +1)
((You are camouflaged when in or above water. (Stealth+)))
You have tentacles for arms and can constrict up to eight enemies at once.


Message History

The magic dart hits you!
* * * LOW HITPOINT WARNING * * *
Unknown command.
Okay, then.
You tentacle-slap the orc priest. Your grab misses the orc priest.
Your squeeze misses the orc priest.
The orc priest is lightly wounded.
You constrict the orc wizard. The orc wizard completely misses you.
The orc priest hits you with a +0 short sword.
* * * LOW HITPOINT WARNING * * *
Unknown command.
Unknown command.
It was a potion of enlightenment.
You feel very buoyant.
You fly up into the air.
You constrict the orc wizard.
You kill the orc wizard!
The orc priest calls down the wrath of Beogh upon you.
You resist with some effort.
Your Shapeshifting skill increases to level 1!
It was a potion of cancellation.
Your magical effects are unravelling.
You feel magically purged.
You float gracefully downwards.
Your enlightenment fades.
The orc priest barely misses you.
The kobold hits you with a +2 dagger of protection.
* * * LOW HITPOINT WARNING * * *
You tentacle-slap the kobold but do no damage.
You grab the kobold. You constrict the kobold. The kobold barely misses you.
The orc priest threatens, "Beogh's wrath is as vast as their mercy.
Make your choice!" The orc priest barely misses you.
Unknown command.
You tentacle-slap the orc priest. You grab the orc priest.
You squeeze the orc priest.
The orc priest is heavily wounded.
You constrict the kobold.
You kill the kobold!
You constrict the orc priest.
The orc priest calls down the wrath of Beogh upon you.
Beogh smites you!
You die...

#. # ##'# .# #
..... #####.#
####### .....
#.....# #......
...... #...>.#
#.#####
......###.....#
#.#....
......o.......#
#......
#.)h).....#
#...##.
#.###.....#
#...... ..
#..<..####....#.
...
###+#.#.......#<
...
#####.#.#.##..#.#.
..
............>.#.#.
#
#####.#.#.##..#.#.
...#.##########
### #.#


You could see an orc priest.

Vanquished Creatures
  A jelly (D:3)
  Natasha (thrice) (D:2)
  An orc wizard (D:3)
  3 adders (D:2)
  2 dart slugs
  2 ribbon worms (D:2)
  An orc (D:3)
  5 ball pythons
  3 endoplasms
  2 giant cockroaches (D:2)
  4 goblins
  2 hobgoblins (D:2)
  6 jackals
  A quokka (D:1)
  5 bats
  4 frilled lizards
  5 kobolds
  5 rats
55 creatures vanquished.

Notes
Turn   | Place    | Note
-------+----------+-------------------------------------------
     0 | D:1      | zenocrate the Octopode Earth Elementalist began the quest
                  | for the Orb.
     0 | D:1      | Reached XP level 1. HP: 11/11 MP: 3/3
   153 | D:1      | Reached skill level 3 in Stealth
   153 | D:1      | Reached XP level 2. HP: 11/18 MP: 5/5
   427 | D:1      | Reached skill level 1 in Fighting
   427 | D:1      | Reached skill level 1 in Unarmed Combat
   717 | D:1      | Reached XP level 3. HP: 23/23 MP: 6/6
   790 | D:1      | Learned a level 3 spell: Stone Arrow
   933 | D:2      | Found a faded altar of an unknown god.
  1136 | D:2      | Noticed Natasha
  1139 | D:2      | Reached XP level 4. HP: 17/29 MP: 7/7
  1141 | D:2      | Killed Natasha
  1383 | D:2      | Learned a level 3 spell: Passwall
  1455 | D:2      | Noticed Natasha
  1458 | D:2      | Killed Natasha
  1459 | D:2      | Reached skill level 4 in Stealth
  1459 | D:2      | Reached XP level 5. HP: 35/35 MP: 5/8
  1529 | D:2      | Noticed Natasha
  1538 | D:2      | Killed Natasha
  1866 | D:3      | Reached skill level 1 in Shapeshifting
  1868 | D:3      | Killed from afar by an orc priest

Illustrated notes

Levels and vault maps discovered:
D:1:      tarquinn_simple_flora_water_a, layout_loops_cross,
          minmay_misc_feat_iff, st_stairs_5
D:2:      layout_basic, dreamdust_ecumenical_altar_angels_and_demons,
          due_unseen_surprise, uniq_natasha
D:3:      layout_basic, nicolae_tso_carved_into_rock, uniq_jessica, uniq_ijyb,
          uniq_crazy_yiuf_cottage

Skill      XL: |  1  2  3  4  5 |
---------------+----------------+-----
Stealth        | 3 4 |  4.2
Fighting       | 1 2 |  2.7
Unarmed Combat | 1 2 |  2.3
Dodging        | 3 |  3.2
Shapeshifting  | 1 |  1.0
Spellcasting   | |  2.0
Conjurations   | |  1.0
Earth Magic    | |  3.0

Action                     |  1- 3 |  4- 6 || total
---------------------------+-------+-------++-------
  Melee: Unarmed           |    54 |    26 ||    80
         Constrict         |    17 |    13 ||    30
         Tentacles         |    11 |     9 ||    20
         Punch             |       |     3 ||     3
   Cast: Sandblast         |    17 |    11 ||    28
    Use: Potion            |       |     2 ||     2
   Stab: Sleeping          |     7 |     1 ||     8
         Distracted        |     1 |       ||     1
 Armour: Skin              |    27 |    17 ||    44
  Dodge: Dodged            |    34 |    22 ||    56
   Form: Beast             |       |     1 ||     1

Table legend: (Time is in decaauts)
 A = Elapsed time spent in this place.
 B = Non-inter-level travel time spent in this place.
 C = Inter-level travel time spent in this place.
 D = Time resting spent in this place.
 E = Time spent auto-exploring this place.
 F = Levels seen in this place.
 G = Mean time per level.
                   A        B        C        D        E       F      G
               +--------+--------+--------+--------+--------+-----+--------+
         Total |   1879 |   1830 |     49 |     42 |   1431 |   3 |  626.3 |
       Dungeon |   1879 |   1830 |     49 |     42 |   1431 |   3 |  626.3 |
               +--------+--------+--------+--------+--------+-----+--------+

Top non-repeatable levels by time:
     D:2: 998 daAuts
     D:1: 798 daAuts
     D:3: 82 daAuts
